 Dungeon Crawl Stone Soup version 0.31-a0-920-g28cbb04a8c (webtiles) character file.

Game seed: 1286030415310740005

18389 tilp the Covert (level 12, -1/94 HPs)
             Began as a Vampire Enchanter on Oct 17, 2023.
             Was an Elder of Wu Jian.
             Slain by a death yak (6 damage)
             ... on level 1 of the Lair of Beasts.
             The game lasted 00:22:59 (14031 turns).

tilp the Covert (Vampire Enchanter)                Turns: 14031, Time: 00:23:00

Health: -1/94      AC: 19    Str:  7    XL:     12   Next: 27%
Magic:  3/21       EV: 14    Int: 22    God:    Wu Jian [****..]
Gold:   259        SH:  0    Dex: 15    Spells: 13/24 levels left

rFire   . . .        a - +1 dagger (freeze)
rCold   . . .        (no shield)
rNeg    . . .        O - +1 scale mail {rPois}
rPois   +            F - +2 helmet {SInv}
rElec   .            g - +2 cloak
rCorr   .            (no gloves)
SInv    +            l - +0 pair of boots
Will    +....        (no amulet)
Stlth   ++++         h - +4 ring of protection
HPRegen 0.55/turn    E - +5 ring of evasion
MPRegen 0.17/turn

%: no passive effects
@: very slightly contaminated, healing quickly, slowed, very slow
A: alive, fangs 3, see invisible, vampiric 2
a: Exsanguinate, Renounce Religion, Wall Jump, Serpent's Lash


You were on level 1 of the Lair of Beasts.
You worshipped Wu Jian.
Wu Jian was greatly pleased with you.
You visited 3 branches of the dungeon, and saw 13 of its levels.

You collected 955 gold pieces.
You spent 696 gold pieces at shops.

Inventory:

Hand Weapons
 a - a +1 dagger of freezing (weapon)
 G - a +4 dagger of chaos
Missiles
 d - 9 atropa-tipped darts
 j - 5 curare-tipped darts
 n - 21 poisoned darts (quivered)
 q - 5 javelins
 t - 2 throwing nets
 B - 8 boomerangs
 Q - 6 datura-tipped darts
Armour
 g - a +2 cloak (worn)
 l - a +0 pair of boots (worn)
 p - a +1 pair of gloves of infusion
 D - +0 steam dragon scales
 F - a +2 helmet of see invisible (worn)
 H - a +1 robe of willpower
 O - a +1 scale mail of poison resistance (worn)
Magical Staves
 v - a staff of cold
Jewellery
 h - a +4 ring of protection (left hand)
 r - a ring of protection from cold
 E - a +5 ring of evasion (right hand)
Wands
 b - a wand of polymorph (6)
 e - a wand of flame (30)
 z - a wand of acid (3)
 I - a wand of mindburst (10)
Scrolls
 m - 4 scrolls of teleportation
 o - a scroll of immolation
 s - 2 scrolls of fog
 u - 2 scrolls of blinking
 x - 3 scrolls of amnesia
 y - a scroll of revelation
 A - 2 scrolls of vulnerability
 P - a scroll of poison
Potions
 c - 2 potions of invisibility
 f - 2 potions of haste
 i - a potion of berserk rage
 k - a potion of mutation
 w - 2 potions of attraction
 C - 2 potions of curing
 J - a potion of resistance
 K - 2 potions of brilliance
 L - 2 potions of enlightenment
 M - 4 potions of might
 N - 2 potions of cancellation


   Skills:
 * Level 8.5 Fighting
 - Level 10.0 Short Blades
 - Level 3.0 Armour
 + Level 6.5 Dodging
 - Level 12.0 Stealth
 + Level 6.5 Spellcasting
 - Level 2.0 Conjurations
 - Level 12.0 Hexes
 - Level 4.0 Ice Magic
 - Level 4.0 Evocations


You had 13 spell levels left.
You knew the following spells:

 Your Spells              Type           Power      Damage    Failure   Level
a - Ensorcelled Hibernat  Hex/Ice        84%        N/A       5%          2
b - Confusing Touch       Hex            56%        N/A       1%          3
c - Tukima's Dance        Hex            56%        N/A       1%          3
d - Dazzling Flash        Conj/Hex       76%        N/A       16%         3

Your spell library contained the following spells:

 Spells                   Type           Power      Damage    Failure   Level
 Inner Flame              Hex/Fire       33%        N/A       24%         3
 Leda's Liquefaction      Hex/Erth       16%        N/A       63%         4
 Cigotuvi's Dreadful Rot  Necr/Pois/Air  14%        N/A       82%         2
 Lesser Beckoning         Tloc           14%        N/A       82%         2
 Gell's Gravitas          Tloc           7%         N/A       96%         3
 Ignite Poison            Fire/Tmut/Pois 7%         N/A       96%         3
 Teleport Other           Tloc           7%         N/A       96%         3
 Flame Wave               Conj/Fire      11%        2d6       99%         4
 Sticky Flame             Conj/Fire      11%        2d3       99%         4
 Animate Dead             Necr           7%         N/A       100%        4
 Freezing Cloud           Conj/Ice/Air   8%         6-21      100%        5
 Lee's Rapid Deconstruct  Erth           3%         3d5*      100%        5
 Bombard                  Conj/Erth      5%         9d2       100%        6
 Haunt                    Necr/Summ      3%         N/A       100%        7
 Infestation              Necr           3%         N/A       100%        8


Dungeon Overview and Level Annotations

Branches:
Dungeon (11/15)            Temple (1/1) D:4            Lair (1/5) D:10
    Orc (0/2) D:9

Altars:
Ashenzari
Cheibriados
Dithmenos
Fedhas
Gozag
Hepliaklqana
Kikubaaqudgha
Makhleb
Nemelex Xobeh
Okawaru
Qazlal
Ru
Sif Muna
Trog
Uskayaw
Vehumet
Wu Jian
Xom
Yredelemnul

Shops:
D:1 !   D:3 [

Annotations:
D:11 exclusions: oklob plant and oklob sapling


Innate Abilities, Weirdness & Mutations

Your natural rate of healing is accelerated.
You have razor-sharp teeth.
You have supernaturally acute eyesight. (SInv)
You are afflicted with vampirism and can become a bat while bloodless.


Message History

Confirm with . or Enter, or press ? or * to list all spells.
Casting: Dazzling Flash (dangerous; 16% risk of failure)
Press: ? - help, Dir - look around, f - activate The death yak gores you but does no damage.
Unknown command.
Unknown command.
Casting: Dazzling Flash (dangerous; 16% risk of failure)
Confirm with . or Enter, or press ? or * to list all spells.
Casting: Dazzling Flash (dangerous; 16% risk of failure)
Press: ? - help, Dir - look around, f - activate You miscast Dazzling Flash.
You are very lightly contaminated with residual magic.
You feel a bit tired.
You feel yourself slow down. The death yak gores you.
Unknown command.
Unknown command.
Casting: Dazzling Flash (dangerous; 16% risk of failure)
Confirm with . or Enter, or press ? or * to list all spells.
Casting: Dazzling Flash (dangerous; 16% risk of failure)
Press: ? - help, Dir - look around, f - activate The death yak is dazzled.
The death yak gores you! The death yak closely misses you.
Unknown command.
Unknown command.
You barely miss the death yak. You bite the death yak.
The death yak is lightly wounded.
You catch the helpless death yak completely off-guard!
You skewer the death yak like a kebab!!!
You freeze the death yak!
The death yak is severely wounded.
The death yak bellows!
The death yak gores you!!
* * * LOW HITPOINT WARNING * * *
You hit the death yak but do no damage.
The death yak is severely wounded.
The death yak is no longer blind.
The death yak gores you!
* * * LOW HITPOINT WARNING * * *
You hit the death yak but do no damage.
The death yak is severely wounded.
The death yak gores you.
You die...

#
#..###..######.#.#
# ##.P##..## #...#
###Y..##..P# #.P##
......##..## #.##
#.######...# #.#
#####......# #.# #
##..##.P## #.#
#.......# #Y#
###......## #@#
.........# #.#
###.....## #.#
###......# #.#
.......### #.#
##P.#### #.# #####
#.# ..#


You could see a death yak.

Vanquished Creatures
  2 boulder beetles (D:11)
  4 two-headed ogres
  2 tengu warriors (D:10)
  Pikel (D:5)
  A cyclops (D:11)
  An elephant (Lair:1)
  A black mamba (Lair:1)
  2 cane toads (Lair:1)
  Psyche (D:8)
  A kobold demonologist (D:11)
  5 trolls
  2 hornets (D:11)
  Prince Ribbit (D:9)
  Grinder (D:4)
  A shadow (D:10)
  A vampire (D:11)
  15 yaks
  A dancing weapon (D:10)
  4 wyverns
  Grum (D:8)
  A basilisk (Lair:1)
  A steam dragon (D:8)
  4 vampire mosquitoes (D:11)
  Edmund (D:4)
  Duvessa (D:7)
  7 water moccasins
  2 acid dragons
  A sky beast (D:7)
  2 black bears (D:10)
  3 orc warriors
  An ogre (D:5)
  4 wolves
  2 lemures (D:5)
  3 centaurs
  A kobold brigand (D:10)
  4 bullfrogs
  5 scorpions
  A necrophage (D:4)
  3 wights
  Dowan (D:7)
  3 killer bees (D:7)
  5 howler monkeys
  7 crimson imps (D:9)
  2 bullfrog zombies (D:4)
  A human zombie (D:4)
  6 hounds
  2 orc priests (D:2)
  A jelly (D:7)
  4 scorpion zombies (D:4)
  2 sleepcaps (D:6)
  Natasha (twice) (D:3)
  An iguana (D:7)
  12 orc wizards
  2 mummies (D:4)
  Robin (D:3)
  7 gnolls
  9 adders
  4 white imps
  An adder zombie (D:4)
  5 worms
  A dart slug (D:2)
  25 orcs
  4 endoplasms
  5 giant cockroaches
  21 goblins
  4 hobgoblins
  6 jackals
  8 quokkas
  13 ball pythons
  5 frilled lizards
  8 kobolds
  2 rats
275 creatures vanquished.

Vanquished Creatures (collateral kills)
  An ogre (D:5)
  5 wights
  A gnoll bouda (D:10)
  An iguana (D:6)
  2 gnolls (D:10)
  2 orcs
12 creatures vanquished.

Vanquished Creatures (others)
  3 dancing weapons (D:10)
3 creatures vanquished.

Grand Total: 290 creatures vanquished

Notes
Turn   | Place    | Note
-------+----------+-------------------------------------------
     0 | D:1      | tilp the Vampire Enchanter began the quest for the Orb.
     0 | D:1      | Reached XP level 1. HP: 13/13 MP: 3/3
   236 | D:1      | Found Viduptur's Distillery.
   317 | D:1      | Reached XP level 2. HP: 20/20 MP: 5/5
   324 | D:1      | Learned a level 2 spell: Ensorcelled Hibernation
   564 | D:2      | Found a faded altar of an unknown god.
   564 | D:2      | Noticed a great orb of eyes
   569 | D:2      | Noticed a shining eye
   678 | D:2      | Noticed a shining eye
   702 | D:2      | Noticed a golden eye
   725 | D:2      | Reached skill level 1 in Fighting
   725 | D:2      | Gained mutation: You are afflicted with vampirism and can
                  | become a bat while bloodless. [Vampire growth]
   725 | D:2      | Reached XP level 3. HP: 21/26 MP: 1/6
   734 | D:2      | Reached XP level 4. HP: 29/32 MP: 0/7
   763 | D:2      | Reached skill level 5 in Stealth
   826 | D:2      | Learned a level 3 spell: Confusing Touch
   884 | D:2      | You fall into a shaft and drop 2 floors!
   956 | D:4      | Noticed Edmund
   978 | D:4      | Reached skill level 5 in Hexes
   978 | D:4      | Reached XP level 5. HP: 33/38 MP: 3/8
  1216 | D:4      | Reached XP level 6. HP: 44/46 MP: 10/10
  1220 | D:4      | Learned a level 3 spell: Tukima's Dance
  1255 | D:4      | Found a basalt altar of Yredelemnul.
  1411 | D:4      | Reached XP level 7. HP: 52/52 MP: 7/11
  2615 | D:2      | Learned a level 3 spell: Dazzling Flash
  2668 | D:3      | Found Ismeph's Antique Armour Boutique.
  2999 | D:3      | Noticed Natasha
  3002 | D:3      | Killed Natasha
  3098 | D:3      | Noticed Robin
  3146 | D:3      | Killed Robin
  3516 | D:4      | Found a sparkling altar of Nemelex Xobeh.
  3745 | D:4      | Noticed Grinder
  3752 | D:4      | Killed Grinder
  3753 | D:4      | Reached skill level 5 in Short Blades
  3753 | D:4      | Reached XP level 8. HP: 60/60 MP: 9/13
  3867 | D:4      | Found a staircase to the Ecumenical Temple.
  3907 | Temple   | Entered the Ecumenical Temple
  3931 | Temple   | Became a worshipper of the Wu Jian Council
  4122 | D:4      | Killed Edmund
  4184 | D:3      | Bought a pair of embroidered gloves for 127 gold pieces
  4210 | D:5      | Entered Level 5 of the Dungeon
  4277 | D:5      | Found an ancient bone altar of Kikubaaqudgha.
  4422 | D:5      | Found a blossoming altar of Fedhas.
  4976 | D:5      | Reached * piety under Wu Jian
  5115 | D:5      | Noticed Pikel
  5189 | D:5      | Killed Pikel
  5190 | D:5      | Reached skill level 5 in Fighting
  5190 | D:5      | Reached XP level 9. HP: 17/68 MP: 0/15
  5505 | D:3      | Bought an encrusted scale mail for 153 gold pieces
  5505 | D:3      | Identified the +0 scale mail "Earthly Heaven" {Str+4} (You
                  | bought it in a shop on level 3 of the Dungeon)
  5518 | D:3      | Noticed Natasha
  5524 | D:3      | Killed Natasha
  5638 | D:6      | Noticed a two-headed ogre
  5648 | D:6      | Killed a two-headed ogre
  6055 | D:6      | Reached skill level 5 in Spellcasting
  6292 | D:6      | Reached skill level 10 in Stealth
  6575 | D:7      | Reached XP level 10. HP: 76/76 MP: 4/17
  6884 | D:7      | Reached skill level 10 in Short Blades
  6937 | D:7      | Noticed Duvessa
  6939 | D:7      | Noticed Dowan
  6953 | D:7      | Killed Duvessa
  6965 | D:7      | Killed Dowan
  7500 | D:8      | Reached ** piety under Wu Jian
  7715 | D:8      | Reached skill level 1 in Ice Magic
  7723 | D:8      | Reached skill level 1 in Evocations
  7855 | D:8      | Found an iron altar of Okawaru.
  7931 | D:8      | Reached skill level 1 in Armour
  8100 | D:8      | Noticed Psyche
  8106 | D:8      | Killed Psyche
  8107 | D:8      | Reached skill level 1 in Conjurations
  8359 | D:8      | Noticed Grum
  8387 | D:8      | Killed Grum
  8843 | D:9      | Found a staircase to the Orcish Mines.
  8975 | D:9      | Found an opulent altar of Gozag.
  9027 | D:9      | Noticed Prince Ribbit
  9033 | D:9      | Killed Prince Ribbit
  9148 | D:9      | Found a burning altar of Makhleb.
  9409 | D:9      | Noticed a two-headed ogre
  9419 | D:9      | Killed a two-headed ogre
  9420 | D:9      | Reached XP level 11. HP: 83/83 MP: 2/19
  9633 | D:9      | Found a hazy altar of Hepliaklqana.
  9737 | D:9      | Reached *** piety under Wu Jian
  9747 | D:9      | Reached skill level 5 in Dodging
 10257 | D:9      | Reached skill level 10 in Hexes
 10405 | D:9      | Noticed a two-headed ogre
 10411 | D:9      | Killed a two-headed ogre
 10696 | D:3      | Bought a runed scale mail for 119 gold pieces
 10754 | D:1      | Bought a potion of attraction for 33 gold pieces
 10754 | D:1      | Bought a potion of brilliance for 44 gold pieces
 10754 | D:1      | Bought a potion of might for 44 gold pieces
 10754 | D:1      | Bought 2 potions of cancellation for 176 gold pieces
 10890 | D:10     | Entered Level 10 of the Dungeon
 10945 | D:10     | Found a radiant altar of Vehumet.
 11177 | D:10     | Found a snail-covered altar of Cheibriados.
 11467 | D:10     | Noticed a tengu warrior
 11468 | D:10     | Noticed a tengu warrior
 11499 | D:10     | Killed a tengu warrior
 11525 | D:10     | Killed a tengu warrior
 11693 | D:10     | Identified the +6 flail of Teol {spect, rElec}
 11702 | D:10     | Found a staircase to the Lair.
 11833 | D:10     | Found a shimmering altar of Xom.
 11859 | D:10     | Noticed a two-headed ogre
 11871 | D:10     | Killed a two-headed ogre
 11946 | D:10     | Found a shadowy altar of Dithmenos.
 12444 | D:11     | Identified the "Veuphueg"
 12469 | D:11     | Noticed a boulder beetle
 12476 | D:11     | Killed a boulder beetle
 12725 | D:11     | Noticed an oklob plant
 12750 | D:11     | Reached **** piety under Wu Jian
 12994 | D:11     | Reached XP level 12. HP: 92/92 MP: 21/21
 13081 | D:11     | Noticed a boulder beetle
 13088 | D:11     | Killed a boulder beetle
 13625 | Lair:1   | Entered Level 1 of the Lair of Beasts
 13837 | Lair:1   | Noticed a death yak
 13838 | Lair:1   | Noticed a death yak
 14031 | Lair:1   | Slain by a death yak

Illustrated notes

Levels and vault maps discovered:
D:1:      wheals_arrival_shading, layout_rooms, serial_shops, shop
D:2:      layout_loops_corners, hellmonk_ecumenical_altar_watching_god,
          minmay_misc_feat_room
D:3:      layout_loops_corners, serial_shops, shop, uniq_natasha, uniq_robin
D:4:      layout_cave_pods, nemelex_dance_club_becter,
          lemuel_mausoleum_altar_yredelemnul,
          minmay_temple_entry_statues_pillars, uniq_edmund, uniq_grinder
D:5:      layout_loops_cross, lemuel_round_altar, pf_just_have_faith,
          mainiacjoe_overflow_paths, minmay_gold_behind_fungi, minivault_27,
          hangedman_decor_slide_cut, minmay_ogre_servants, uniq_pikel
D:6:      layout_basic
D:7:      layout_cave_pools, minmay_small_thing, uniq_duvessa
D:8:      layout_gridville, okawaru_ov_weapons_minmay, minmay_curled_crystal,
          hex_tiny, grunt_ministairs_13, uniq_grum, uniq_psyche
D:9:      layout_grid_maze, nicolae_overflow_hidden_temple,
          mainiacjoe_overflow_large_starburst, orc_david_3, minmay_nine_imps,
          uniq_prince_ribbit1
D:10:     layout_long_grid, mainiacjoe_overflow_alcove_4, old_standard_altar,
          grunt_dithmenos_shadows, overflow_temple_1_default,
          minmay_lair_entry_grove, corexii_corridor_pit
D:11:     layout_cave_pods, introduction_to_nature_2
Temple:   hellmonk_temple_beads
Lair:1:   layout_loops_ring, st_stairs_9, hibernation_bobbens

Skill      XL: |  1  2  3  4  5  6  7  8  9 10 11 12 |
---------------+-------------------------------------+-----
Fighting       | 1 2 3 4 5 6 8 |  8.5
Short Blades   | 2 3 4 5 6 9 10 | 10.0
Stealth        | 5 6 8 10 11 12 | 12.0
Hexes          | 5 6 7 8 9 11 12 | 12.0
Dodging        | 3 4 6 |  6.5
Spellcasting   | 3 4 5 6 |  6.5
Ice Magic      | 2 3 4 |  4.0
Evocations     | 2 3 4 |  4.0
Armour         | 2 3 |  3.0
Conjurations   | 1 2 |  2.0

Action                     |  1- 3 |  4- 6 |  7- 9 | 10-12 || total
---------------------------+-------+-------+-------+-------++-------
  Melee: Dagger            |    86 |   106 |   395 |   714 ||  1301
         Bite              |    11 |    18 |    46 |    89 ||   164
         Punch             |       |     3 |     9 |     9 ||    21
  Throw: Dart              |       |       |     4 |       ||     4
   Cast: Ensorcelled Hiber |     2 |     4 |    33 |    79 ||   118
         Confusing Touch   |       |     7 |     2 |    18 ||    27
         Tukima's Dance    |       |       |     5 |    22 ||    27
         Dazzling Flash    |       |       |       |    15 ||    15
Ability: Lunge             |       |       |    14 |    32 ||    46
         Whirlwind         |       |       |     1 |    11 ||    12
  Evoke: Wand              |       |       |       |     2 ||     2
    Use: Scroll            |     4 |       |     7 |     9 ||    20
         Potion            |       |       |     1 |       ||     1
   Stab: Sleeping          |     3 |     8 |    44 |    57 ||   112
         Confused          |       |     7 |     4 |    16 ||    27
         Distracted        |       |       |     1 |     1 ||     2
         Invisible         |       |       |     1 |     4 ||     5
 Armour: Robe              |    56 |    38 |   145 |    33 ||   272
         Steam dragon scal |       |       |       |   234 ||   234
         Scale mail        |       |       |       |    21 ||    21
  Dodge: Dodged            |    66 |    35 |   179 |   321 ||   601

Table legend: (Time is in decaauts)
 A = Elapsed time spent in this place.
 B = Non-inter-level travel time spent in this place.
 C = Inter-level travel time spent in this place.
 D = Time resting spent in this place.
 E = Time spent auto-exploring this place.
 F = Levels seen in this place.
 G = Mean time per level.
                   A        B        C        D        E       F      G
               +--------+--------+--------+--------+--------+-----+--------+
         Total |  13600 |  12778 |    822 |   1106 |   9183 |  13 | 1046.2 |
       Dungeon |  13250 |  12476 |    774 |   1106 |   9017 |  11 | 1204.5 |
        Temple |     48 |      1 |     47 |      0 |      0 |   1 |   48.0 |
          Lair |    302 |    302 |      0 |      0 |    166 |   1 |  302.0 |
               +--------+--------+--------+--------+--------+-----+--------+

Top non-repeatable levels by time:
     D:9: 1735 daAuts
    D:10: 1600 daAuts
     D:4: 1446 daAuts
     D:5: 1366 daAuts
     D:2: 1263 daAuts
     D:8: 1246 daAuts
    D:11: 1135 daAuts
     D:3: 1039 daAuts
     D:6: 952 daAuts
     D:7: 897 daAuts
     D:1: 565 daAuts
  Lair:1: 302 daAuts
  Temple: 48 daAuts
